 Dungeon Crawl Stone Soup version 0.21-a0-352-g5b8f553 (webtiles) character file.

60 tof the Chopper (level 4, 0/40 HPs)
             Began as a Hill Orc Monk on Oct 10, 2017.
             Slain by Natasha (4 damage)
             ... on level 2 of the Dungeon.
             The game lasted 00:02:13 (1254 turns).

tof the Chopper (Hill Orc Monk)                     Turns: 1254, Time: 00:02:13

Health: 0/40       AC:  2    Str: 14    XL:     4   Next: 6%
Magic:  4/4        EV: 13    Int: 10    God:
Gold:   99         SH:  0    Dex: 13    Spells: 3/3 levels left

rFire    . . .     SeeInvis .   a - +0 hand axe
rCold    . . .     Gourm    .   (no shield)
rNeg     . . .     Faith    .   b - +0 robe
rPois    .         Spirit   .   (no helmet)
rElec    .         Reflect  .   (no cloak)
rCorr    .         Harm     .   (no gloves)
MR       .....                  (no boots)
Stlth    ++........             k - amulet of regeneration
HPRegen  0.53/turn              (no ring)
MPRegen  0.09/turn              (no ring)

@: no status effects
A: no striking features
a: no special abilities


You were on level 2 of the Dungeon.
You were not hungry.

You visited 1 branch of the dungeon, and saw 2 of its levels.

You collected 99 gold pieces.

Inventory:

Hand Weapons
 a - a +0 hand axe (weapon)
 i - a +0 vampiric hand axe
Armour
 b - a +0 robe (worn)
Jewellery
 k - an amulet of regeneration (around neck)
Scrolls
 d - a scroll of amnesia {unknown}
 e - 2 scrolls of identify {unknown}
 g - a scroll of remove curse {unknown}
 l - a scroll of blinking {unknown}
 m - a scroll of magic mapping {unknown}
Potions
 h - a potion of ambrosia {unknown}
 j - a potion of brilliance {unknown}
Comestibles
 c - 2 bread rations
 f - 2 chunks of flesh
 n - a meat ration


   Skills:
 + Level 4.0 Fighting
 * Level 4.9 Axes
 * Level 2.1 Armour
 + Level 2.7 Dodging
 - Level 1.5 Stealth


You had 3 spell levels left.
You didn't know any spells.

Dungeon Overview and Level Annotations

Branches:
Dungeon (2/15)

Altars:

Annotations:
D:2 Natasha


Message History

Natasha is severely wounded.
Natasha barely misses you.
You closely miss Natasha.
Natasha is severely wounded.
Natasha claws you.
* * * LOW HITPOINT WARNING * * *
You barely miss Natasha.
Natasha is severely wounded.
Natasha barely misses you.
You barely miss Natasha.
Natasha is severely wounded.
Natasha closely misses you.
Some of the chunks of flesh in your inventory have rotted away.
You miss Natasha.
Natasha is severely wounded.
Natasha claws you but does no damage.
You hit Natasha.
Natasha is almost dead.
Natasha claws you.
You die...

#.......................
#.......#......#.##.###.
####.......########.##.#
###.....##+#..........##.#
....##.###.#.........###.#
######.)...#.............#
...(.(>....'.............#
...####.####.............#
........# #....@h.......#
#'#.##### #.............#
#.#.# ########......#
#.#.# #......#####.# #...#
#............. #####
##............ ...#
#.##.#....... ##.# ##
#.#....... #.# ######
#.#.......


You could see Natasha.

Vanquished Creatures
  Natasha (D:2)
  A dart slug (D:1)
  A leopard gecko (D:1)
  3 giant cockroaches (D:1)
  5 goblins
  5 hobgoblins
  4 bats
  A frilled lizard (D:2)
  4 kobolds
  7 rats
32 creatures vanquished.

Notes
Turn   | Place    | Note
-------+----------+-------------------------------------------
     0 | D:1      | tof the Hill Orc Monk began the quest for the Orb.
     0 | D:1      | Reached XP level 1. HP: 19/19 MP: 1/1
   283 | D:1      | Reached skill level 1 in Armour
   283 | D:1      | Reached XP level 2. HP: 17/27 MP: 2/2
   878 | D:2      | Reached XP level 3. HP: 30/33 MP: 3/3
  1044 | D:2      | Noticed Natasha
  1060 | D:2      | Killed Natasha
  1060 | D:2      | Reached XP level 4. HP: 9/40 MP: 4/4
  1228 | D:2      | Noticed Natasha
  1250 | D:2      | HP: 2/40 [Natasha (6)]
  1254 | D:2      | Slain by Natasha

Vault maps used:
D:1:      dpeg_arrival_round_b, st_stairs_6
D:2:      first_bread, kennysheep_doodads, uniq_natasha

Skill      XL: |  1  2  3 |
---------------+----------+-----
Armour         | 1 2 |  2.1
Fighting       | 4 |  4.0
Axes           | |  4.9
Dodging        | |  2.7
Stealth        | |  1.5

Action                   |  1- 3 |  4- 6 || total
-------------------------+-------+-------++-------
Melee: Hand axe          |   104 |    30 ||   134
 Stab: Sleeping          |     1 |     1 ||     2
  Eat: Chunk             |     1 |       ||     1
Armor: Robe              |    31 |     3 ||    34
Dodge: Dodged            |   101 |    18 ||   119

Table legend:
 A = Spawn XP
 B = Non-spawn XP
 C = Spawn XP percentage of total XP
 D = Spawn monster count
 E = Non-spawn monster count
 F = Spawn count percentage of total count
 G = Total turns spent on level
                    A         B        C        D         E        F      G
               +---------+---------+-------+---------+---------+-------+---------
         Total |       0 |      87 |   0.0 |       0 |      32 |   0.0 |  1254
               +---------+---------+-------+---------+---------+-------+---------
           D:1 |       0 |      33 |   0.0 |       0 |      19 |   0.0 |   866
           D:2 |       0 |      54 |   0.0 |       0 |      13 |   0.0 |   388
               +---------+---------+-------+---------+---------+-------+---------
